 Dungeon Crawl Stone Soup version 0.30-a0-920-g7493c07aab (webtiles) character file.

Game seed: 9928841912240438555

23 cheesebisquit the Chiller (level 2, -1/19 HPs)
             Began as a Merfolk Ice Elementalist on Mar 21, 2023.
             Slain by a goblin
             ... wielding a +0 club
              (4 damage)
             ... on level 2 of the Dungeon.
             The game lasted 00:03:05 (1091 turns).

cheesebisquit the Chiller (MfIE)                    Turns: 1091, Time: 00:03:06

Health: -1/19      AC:  3    Str:  8    XL:     2   Next: 95%
Magic:  5/5        EV: 12    Int: 14    God:
Gold:   57         SH:  0    Dex: 14    Spells: 4/5 levels left

rFire   . . .      SeeInvis .    j - +2 short sword (protect)
rCold   . . .      Faith    .    (no shield)
rNeg    . . .      Spirit   .    a - +0 robe
rPois   .          Reflect  .    (no helmet)
rElec   .          Rampage  .    (no cloak)
rCorr   .                        f - +0 pair of gloves
Will    .....                    (no boots)
Stlth   ++                       (no amulet)
HPRegen 0.23/turn                (no ring)
MPRegen 0.09/turn                (no ring)

@: no status effects
A: (nimble swimmer 2), mertail
a: no special abilities


You were on level 2 of the Dungeon.
You visited 1 branch of the dungeon, and saw 2 of its levels.

You collected 57 gold pieces.

Inventory:

Hand Weapons
 c - a +0 mace
 j - a +2 short sword of protection (weapon)
Armour
 a - a +0 robe (worn)
 f - a +0 pair of gloves (worn)
Scrolls
 d - a scroll of vulnerability {unknown}
 e - 3 scrolls of teleportation {unknown}
 h - a scroll of identify {unknown}
 k - a scroll of brand weapon {unknown}
Potions
 g - a potion of invisibility {unknown}
 i - a potion of lignification {unknown}


   Skills:
 - Level 2.6 Dodging
 - Level 2.1 Stealth
 + Level 2.3 Spellcasting
 * Level 5.0 Ice Magic


You had 4 spell levels left.
You knew the following spells:

 Your Spells              Type           Power      Damage    Failure   Level
a - Freeze                Ice            60%        1d7       2%          1

Your spell library contained the following spells:

 Spells                   Type           Power      Damage    Failure   Level
 Frozen Ramparts          Ice            30%        1d5       9%          3
 Ozocubu's Armour         Ice            15%        N/A       9%          3
 Summon Ice Beast         Ice/Summ       8%         N/A       63%         4


Dungeon Overview and Level Annotations

Branches:
Dungeon (2/15)

Altars:


Innate Abilities, Weirdness & Mutations

((You are very nimble when in or above water. (Stealth+, EV+, Speed+++)))
Your lower body shifts to a powerful aquatic tail in water.


Message History

There is an open door here.
There is a stone staircase leading down here.
You climb downwards.
The kobold shouts! x2; You hear a shout!
The ball python hisses angrily.
You hear an angry hiss.
Found a stone staircase leading down.
There is a stone staircase leading up here.
The kobold hits you but does no damage.
You climb upwards.
There is a stone staircase leading down here.
You freeze the kobold.
You kill the kobold!
You see here a +0 short sword.
Magic restored.
Done exploring.
There is a stone staircase leading down here.
You climb downwards.
The ball python closely misses you. The ball python barely misses you.
The kobold closely misses you. The ball python bites you.
The ball python closely misses you.
There is a stone staircase leading up here.
The kobold hits you with a +0 whip. The ball python bites you.
The ball python grabs you.
You stop ascending the stairs.
The ball python constricts you.
You freeze the ball python.
You kill the ball python!
The kobold hits you with a +0 whip. The goblin barely misses you.
A quokka comes into view.
The kobold attacks as you move away! The kobold hits you with a +0 whip.
* * * LOW HITPOINT WARNING * * *
The frilled lizard barely misses you. The goblin misses you.
Magic courses through your body.
The frilled lizard bites you but does no damage.
The goblin hits you but does no damage. The kobold hits you with a +0 whip.
* * * LOW HITPOINT WARNING * * *
Aiming: Freeze (safe; 2% risk of failure)
Press: ? - help, Q - select action Shift-Dir - straight line, f - frilled lizard
Aim: a frilled lizard
Okay, then.
The goblin attacks as you move away! The goblin hits you with a +0 club.
You die...

# #. . .. ..
#.### ...
#....## .... .
#...# .r...
....#.#@#......
......gKlw#
.........##
...........
..#.....#.... .
#.....###.##
####### ># . #


You could see a worm, a goblin, a kobold and a frilled lizard.

Vanquished Creatures
  A dart slug (D:1)
  A bat (D:1)
  3 endoplasms (D:1)
  A goblin (D:1)
  5 hobgoblins (D:1)
  A ball python (D:2)
  A frilled lizard (D:1)
  5 kobolds (D:1)
  A rat (D:1)
19 creatures vanquished.

Notes
Turn   | Place    | Note
-------+----------+-------------------------------------------
     0 | D:1      | cheesebisquit the Merfolk Ice Elementalist began the quest
                  | for the Orb.
     0 | D:1      | Reached XP level 1. HP: 13/13 MP: 3/3
   231 | D:1      | Reached XP level 2. HP: 11/19 MP: 0/5
   750 | D:1      | Reached skill level 5 in Ice Magic
  1091 | D:2      | Slain by a goblin

Illustrated notes

Levels and vault maps discovered:
D:1:      onia_arrival_pentagram, layout_loops_cross, roderic_st_hans_cross,
          minivault_27, roderic_roman_lattice, minmay_misc_feat_doors,
          serial_park_tiny_pond
D:2:      layout_basic, uniq_jessica

Skill      XL: |  1  2 |
---------------+-------+-----
Ice Magic      | 5 |  5.0
Dodging        | |  2.6
Stealth        | |  2.1
Spellcasting   | |  2.3

Action                     || total
---------------------------++-------
  Melee: Mace              ||     4
   Cast: Freeze            ||    28
    Use: Potion            ||     1
 Armour: Robe              ||     7
  Dodge: Dodged            ||    15

Table legend: (Time is in decaauts)
 A = Elapsed time spent in this place.
 B = Non-inter-level travel time spent in this place.
 C = Inter-level travel time spent in this place.
 D = Time resting spent in this place.
 E = Time spent auto-exploring this place.
 F = Levels seen in this place.
 G = Mean time per level.
                   A        B        C        D        E       F      G
               +--------+--------+--------+--------+--------+-----+--------+
         Total |   1092 |   1065 |     27 |      0 |    891 |   2 |  546.0 |
       Dungeon |   1092 |   1065 |     27 |      0 |    891 |   2 |  546.0 |
               +--------+--------+--------+--------+--------+-----+--------+

Top non-repeatable levels by time:
     D:1: 1085 daAuts
     D:2: 7 daAuts
